 Dungeon Crawl Stone Soup version 0.23.0 (webtiles) character file.

Game seed: 3728370556385426179

140 Gadfly the Sneak (level 5, -2/35 HPs)
             Began as an Octopode Assassin on Feb 15, 2019.
             Slain by an orc
             ... wielding a +0 war axe of chopping
              (11 damage)
             ... on level 3 of the Dungeon.
             The game lasted 00:04:05 (2604 turns).

Gadfly the Sneak (Octopode Assassin)                Turns: 2604, Time: 00:04:05

Health: -2/35      AC:  1    Str: 10    XL:     5   Next: 23%
Magic:  5/5        EV: 13    Int: 14    God:
Gold:   110        SH:  0    Dex: 14    Spells: 4/4 levels left

rFire    . . .     SeeInvis .   a - +2 dagger
rCold    . . .     Gourm    .   (no shield)
rNeg     . . .     Faith    .   (helmet restricted)
rPois    +         Spirit   .   (no amulet)
rElec    .         Reflect  .   n - ring of flight
rCorr    .         Harm     .   o - ring of poison resistance
MR       .....     Clarity  +   (no ring)
Stlth    ++++......             (no ring)
HPRegen  0.11/turn              (no ring)
MPRegen  0.09/turn              (no ring)
                                (no ring)
                                (no ring)

@: no status effects
A: almost no armour, stealthy swim, amphibious, 8 rings, constrict 8, camouflage
1, clarity, screaming 1, gelatinous body 1
a: Evoke Flight


You were on level 3 of the Dungeon.
You were not hungry.

You visited 1 branch of the dungeon, and saw 3 of its levels.

You collected 110 gold pieces.

Inventory:

Hand Weapons
 a - a +2 dagger (weapon)
 b - a +1 blowgun
Missiles
 c - 8 poisoned needles
 d - 2 curare-tipped needles
 l - 5 needles of paralysis
 r - 6 tomahawks (quivered)
Jewellery
 n - a ring of flight (left tentacle)
 o - a ring of poison resistance (right tentacle)
Scrolls
 e - 2 scrolls of teleportation
 i - a scroll of remove curse
Potions
 g - a potion of curing
 h - a potion of heal wounds
 k - a potion of berserk rage
 t - 2 potions of haste
Comestibles
 f - 6 rations
 j - a chunk of flesh


   Skills:
 + Level 2.5 Fighting
 * Level 3.1 Short Blades
 + Level 2.5 Throwing
 + Level 1.8 Dodging
 * Level 6.6 Stealth
 + Level 0.8 Evocations


You had 4 spell levels left.
You didn't know any spells.
Your spell library was empty.

Dungeon Overview and Level Annotations

Branches:
Dungeon (3/15)

Altars:
Ru
Sif Muna
Wu Jian
Xom


Innate Abilities, Weirdness & Mutations

You cannot wear most types of armour.
You are very stealthy in the water. (Stealth+)
You are amphibious.
You can wear up to eight rings at the same time.
You can use your tentacles to constrict eight enemies at once.
Your skin changes colour to match your surroundings (Stealth+).
Your rubbery body absorbs attacks. (AC +1, EV +1)
You possess an exceptional clarity of mind.
You occasionally shout uncontrollably at your foes.


Message History

You constrict the orc, but do no damage.
The orc hits you with a +0 war axe of chopping!
You are too injured to fight recklessly!
You are too injured to fight recklessly!
You are too injured to fight recklessly!
You are too injured to fight recklessly!
You are too injured to fight recklessly!
You are too injured to fight recklessly!
You are too injured to fight recklessly!
You are too injured to fight recklessly!
You are too injured to fight recklessly!
You are too injured to fight recklessly!
Unknown command.
You barely miss the orc. You grab the orc. You squeeze the orc.
The orc is heavily wounded.
You constrict the orc, but do no damage.
You constrict the orc. The orc hits you with a +0 hand axe!
* * * LOW HITPOINT WARNING * * *
The orc hits you with a +0 war axe of chopping!
You die...

...... #....
...... #....
...... ##...###
...... ......
.....# #....
...... .aS# ######
#oo####.# #####
#######@>......
.....
#=.......####.#
##### #######(.#
####### #..# ##
##...... #..# .
....... #..#.##
#.#####
#..#.##.####.#####
#.................
#..#.#............


You could see a worker ant, 2 orcs and a ball python.

Vanquished Creatures
  An orc wizard (D:3)
  3 adders
  An ooze (D:1)
  2 leopard geckos
  6 orcs (D:3)
  2 ball pythons
  4 giant cockroaches
  8 goblins
  3 hobgoblins
  10 jackals
  2 quokkas (D:2)
  8 bats
  3 frilled lizards (D:1)
  7 kobolds
  10 rats
70 creatures vanquished.

Notes
Turn   | Place    | Note
-------+----------+-------------------------------------------
     0 | D:1      | Gadfly the Octopode Assassin began the quest for the Orb.
     0 | D:1      | Reached XP level 1. HP: 14/14 MP: 1/1
   110 | D:1      | Reached XP level 2. HP: 19/19 MP: 2/2
   607 | D:1      | Reached XP level 3. HP: 24/24 MP: 3/3
  1074 | D:2      | Reached skill level 6 in Stealth
  1278 | D:2      | Reached XP level 4. HP: 26/30 MP: 4/4
  1322 | D:2      | Found a sacrificial altar of Ru.
  1324 | D:2      | Found an ornate altar of the Wu Jian Council.
  1324 | D:2      | Found a deep blue altar of Sif Muna.
  1327 | D:2      | Found a shimmering altar of Xom.
  1785 | D:2      | Gained mutation: You are clumsy. (Dex -2) [potion of
                  | mutation]
  1785 | D:2      | Gained mutation: You are somewhat resistant to further
                  | mutation. [potion of mutation]
  1786 | D:2      | Lost mutation: You are clumsy. (Dex -2) [potion of
                  | mutation]
  1786 | D:2      | Lost mutation: You are somewhat resistant to further
                  | mutation. [potion of mutation]
  1786 | D:2      | Gained mutation: You occasionally shout uncontrollably at
                  | your foes. [potion of mutation]
  1786 | D:2      | Gained mutation: You possess an exceptional clarity of
                  | mind. [potion of mutation]
  2050 | D:3      | Reached XP level 5. HP: 33/35 MP: 5/5
  2604 | D:3      | Slain by an orc

Skill      XL: |  1  2  3  4 |
---------------+-------------+-----
Stealth        | 6 |  6.6
Short Blades   | 3 |  3.1
Fighting       | |  2.5
Throwing       | |  2.5
Dodging        | |  1.8
Evocations     | |  0.8

Action                   |  1- 3 |  4- 6 || total
-------------------------+-------+-------++-------
Melee: Dagger            |    61 |    77 ||   138
       Constrict         |    15 |    24 ||    39
       Tentacles         |    10 |     9 ||    19
Throw: Tomahawk          |       |     1 ||     1
  Use: Scroll            |     1 |    12 ||    13
       Potion            |       |     2 ||     2
 Stab: Sleeping          |    16 |     3 ||    19
  Eat: Chunk             |     1 |     4 ||     5
Armor: Skin              |     5 |     4 ||     9
Dodge: Dodged            |    53 |    48 ||   101
